 Dungeon Sprint DCSS version 0.22.1-1-ga44c0e56f4 (webtiles) character file.

1623 MuseOD the Unseen (level 8, 0/46 HPs)
             Began as a Spriggan Enchanter on Sept 21, 2018.
             Succumbed to a hornet's poison
             ... in the Dungeon (Sprint II: "The Violet Keep of Menkaure").
             The game lasted 00:02:05 (320 turns).

MuseOD the Unseen (Spriggan Enchanter)               Turns: 320, Time: 00:02:05

Health: 0/46       AC:  2    Str:  4    XL:     8   Next: 65%
Magic:  3/17       EV: 18    Int: 19    God:
Gold:   486        SH:  0    Dex: 16    Spells: 9/18 levels left

rFire    . . .     SeeInvis +   a - +1 dagger
rCold    . . .     Gourm    .   (shield restricted)
rNeg     . . .     Faith    .   b - +0 robe
rPois    .         Spirit   .   (helmet restricted)
rElec    .         Reflect  .   (no cloak)
rCorr    .         Harm     .   (gloves unavailable)
MR       +....     NoTele   +   (boots unavailable)
Stlth    ++++++....             (no amulet)
HPRegen  0.15/turn              (no ring)
MPRegen  0.15/turn              (no ring)

@: lethally poisoned (0 -> -7), very quick
A: very small, unfitting armour, see invisible, herbivore, speed 3, slow
metabolism 2
a: no special abilities


You were in the Dungeon.
You were not hungry.

You visited 1 branch You collected 486 gold pieces.

Inventory:

Hand Weapons
 a - a +1 dagger (weapon)
Armour
 b - a +0 robe (worn)
Scrolls
 j - a scroll of blinking
Potions
 g - a potion of haste
 h - a potion of magic
Comestibles
 d - a ration


   Skills:
 - Level 7.5 Fighting
 - Level 13.4 Short Blades
 - Level 3.0 Dodging
 + Level 15.2 Stealth
 + Level 5.9 Spellcasting
 + Level 3.1 Conjurations
 - Level 3.6 Hexes


You had 9 spell levels left.
You knew the following spells:

 Your Spells              Type           Power        Failure   Level  Hunger
a - Corona                Hex            ###....      2%          1    None
b - Ensorcelled Hibernat  Hex/Ice        ##....       9%          2    None
c - Confuse               Hex            ###.....     8%          3    ##.....
d - Dazzling Spray        Conj/Hex       ###...       9%          3    ##.....

Your spell library contained the following spells:

 Spells                   Type           Power        Failure   Level  Hunger
 Tukima's Dance           Hex            ###.....     8%          3    ##.....


Dungeon Overview and Level Annotations

Branches:
Dungeon (1/1)

Altars:
Dithmenos
Elyvilon
Fedhas
Gozag
Kikubaaqudgha
Makhleb
Nemelex Xobeh
Okawaru
Qazlal
Ru
Sif Muna
Trog
Uskayaw
Vehumet
Wu Jian
Xom
Yredelemnul
Zin
The Shining One
Jiyva
Lugonu


Innate Abilities, Weirdness & Mutations

You are very small and have problems with some larger weapons.
You are too small for most types of armour.
You have supernaturally acute eyesight. (SInv)
You are a herbivore.
You cover ground extremely quickly.
You need to consume almost no food.


Message History

The yaktaur dies!
Your Conjurations skill increases to level 2!
The hornet stings you!
* * * LOW HITPOINT WARNING * * *
You are lethally poisoned!
You feel yourself slow down.
Okay, then.
You hit the hornet but do no damage.
* * * LOW HITPOINT WARNING * * *
You feel sick.
You catch the helpless hornet completely off-guard!
You perforate the hornet like a sieve!!!
You kill the hornet!
Your Stealth skill increases to level 15!
Your Spellcasting skill increases to level 5!
Your Conjurations skill increases to level 3!
You feel yourself speed up.
* * * LOW HITPOINT WARNING * * *
You feel sick.
You die...

##.. #. .##.#### +.###
..# ...# ...####
.####..## #..##@#
###.##..# +..#..#
##.†.#..# #..#†.#
.'###'..####..##.#
##...#....###...##▓▓
###.##......≈≈≈(≈≈≈≈≈≈≈
###≈≈.....≈#+########
#≈≈≈≈§≈≈§.§#..._._._#
#≈≈≈≈≈≈≈§.†#_._._._.#


There were no monsters in sight!

Vanquished Creatures
  3 polar bears (D)
  A hornet (D)
  2 tyrant leeches (D)
  4 necrophages (D)
10 creatures vanquished.

Vanquished Creatures (collateral kills)
  A yaktaur (D)
1 creature vanquished.

Vanquished Creatures (others)
  A crocodile (D)
1 creature vanquished.

Grand Total: 12 creatures vanquished

Notes
Turn   | Place    | Note
-------+----------+-------------------------------------------
     0 | D        | MuseOD the Spriggan Enchanter began the quest for the Orb.
     0 | D        | Reached XP level 1. HP: 9/9 MP: 5/5
     1 | D        | Noticed a tyrant leech
     1 | D        | Noticed a tyrant leech
     4 | D        | Noticed a necrophage
     4 | D        | Noticed a necrophage
     4 | D        | Noticed a necrophage
     4 | D        | Noticed a necrophage
    14 | D        | Killed a necrophage
    14 | D        | Reached skill level 7 in Stealth
    14 | D        | Reached XP level 2. HP: 16/16 MP: 6/6
    14 | D        | Reached XP level 3. HP: 20/20 MP: 8/8
    14 | D        | Reached XP level 4. HP: 24/24 MP: 9/9
    18 | D        | Killed a necrophage
    18 | D        | Reached skill level 9 in Stealth
    18 | D        | Reached XP level 5. HP: 29/29 MP: 10/10
    26 | D        | Killed a necrophage
    26 | D        | Reached skill level 10 in Stealth
    80 | D        | Learned a level 3 spell: Confuse
    83 | D        | Killed a necrophage
    83 | D        | Reached skill level 5 in Fighting
    83 | D        | Reached skill level 10 in Short Blades
    83 | D        | Reached skill level 11 in Stealth
    83 | D        | Reached XP level 6. HP: 25/32 MP: 7/11
    87 | D        | Learned a level 2 spell: Ensorcelled Hibernation
    91 | D        | Learned a level 3 spell: Dazzling Spray
    97 | D        | Killed a tyrant leech
    97 | D        | Reached skill level 12 in Stealth
    97 | D        | Reached XP level 7. HP: 30/37 MP: 8/12
   109 | D        | Killed a tyrant leech
   109 | D        | Reached skill level 13 in Stealth
   280 | D        | Found a glowing golden altar of the Shining One.
   280 | D        | Found an ornate altar of the Wu Jian Council.
   281 | D        | Found a shimmering altar of Xom.
   281 | D        | Found a sacrificial altar of Ru.
   282 | D        | Found a basalt altar of Yredelemnul.
   282 | D        | Found a deep blue altar of Sif Muna.
   283 | D        | Found a glowing silver altar of Zin.
   283 | D        | Found a bloodstained altar of Trog.
   283 | D        | Found an ancient bone altar of Kikubaaqudgha.
   283 | D        | Found a stormy altar of Qazlal.
   283 | D        | Found a viscous altar of Jiyva.
   284 | D        | Found a hide-covered altar of Uskayaw.
   284 | D        | Found a corrupted altar of Lugonu.
   284 | D        | Found a shadowy altar of Dithmenos.
   285 | D        | Found a radiant altar of Vehumet.
   285 | D        | Found a burning altar of Makhleb.
   285 | D        | Found a white marble altar of Elyvilon.
   286 | D        | Found a sparkling altar of Nemelex Xobeh.
   286 | D        | Found a blossoming altar of Fedhas.
   287 | D        | Found an iron altar of Okawaru.
   287 | D        | Found an opulent altar of Gozag.
   291 | D        | Noticed a yaktaur
   291 | D        | Noticed a hornet
   291 | D        | Noticed a polar bear
   292 | D        | Noticed a polar bear
   292 | D        | Noticed a polar bear
   293 | D        | Killed a polar bear
   302 | D        | Killed a polar bear
   302 | D        | Reached skill level 14 in Stealth
   302 | D        | Reached XP level 8. HP: 36/43 MP: 3/13
   305 | D        | Paralysed by a hornet for 2 turns
   305 | D        | HP: 1/43 [hornet (5)]
   315 | D        | Killed a polar bear
   315 | D        | Reached skill level 1 in Conjurations
   315 | D        | Killed a yaktaur
   316 | D        | HP: 2/46 [hornet (15)]
   318 | D        | Killed a hornet
   318 | D        | Reached skill level 15 in Stealth
   318 | D        | Reached skill level 5 in Spellcasting
   320 | D        | Succumbed to a hornet's poison

Skill      XL: |  1  2  3  4  5  6  7  8 |
---------------+-------------------------+-----
Fighting       | 3 4 5 6 7 |  7.5
Short Blades   | 6 8 10 11 13 | 13.4
Stealth        | 7 9 11 12 14 15 | 15.2
Spellcasting   | 5 |  5.9
Conjurations   | 3 |  3.1
Dodging        | |  3.0
Hexes          | |  3.6

Action                   |  1- 3 |  4- 6 |  7- 9 || total
-------------------------+-------+-------+-------++-------
Melee: Dagger            |     8 |    14 |    13 ||    35
 Cast: Confuse           |       |     1 |     9 ||    10
       Ensorcelled Hiber |       |       |     1 ||     1
  Use: Potion            |     1 |       |     3 ||     4
 Stab: Confused          |       |     1 |     6 ||     7
       Sleeping          |       |     1 |     1 ||     2
Armor: Robe              |     3 |       |     2 ||     5
Dodge: Dodged            |     2 |     8 |    14 ||    24
